 Dungeon Crawl Stone Soup version 0.21.1-1-g345015f (webtiles) character file.

44 Iko the Firebug (level 3, -3/25 HPs)
             Began as a Gnoll Fire Elementalist on May 3, 2018.
             Was an Initiate of Fedhas.
             Slain by a worm (7 damage)
             ... on level 2 of the Dungeon.
             The game lasted 00:08:15 (751 turns).

Iko the Firebug (Gnoll Fire Elementalist)            Turns: 751, Time: 00:08:16

Health: -3/25      AC:  4    Str: 11    XL:     3   Next: 60%
Magic:  8/9        EV: 14    Int: 17    God:    Fedhas [......]
Gold:   57         SH:  0    Dex: 15    Spells: 8/12 levels left

rFire    x . .     SeeInvis .   d - +0 mace
rCold    + . .     Gourm    .   (no shield)
rNeg     . . .     Faith    .   a - +2 robe
rPois    .         Spirit   .   (no helmet)
rElec    .         Reflect  .   (no cloak)
rCorr    .         Harm     .   (no gloves)
MR       .....                  (no boots)
Stlth    +++.......             (no amulet)
HPRegen  0.08/turn              e - ring of ice
MPRegen  0.11/turn              (no ring)

@: no status effects
A: distributed training, fangs 1, strong nose
a: Fungal Bloom, Renounce Religion


You were on level 2 of the Dungeon.
You worshipped Fedhas.
Fedhas was noncommittal.
You were not hungry.

You visited 1 branch of the dungeon, and saw 5 of its levels.

You collected 57 gold pieces.

Inventory:

Hand Weapons
 d - a +0 mace (weapon)
Armour
 a - a +2 robe (worn)
Jewellery
 e - a ring of ice (left hand)
Scrolls
 f - a scroll of teleportation
Potions
 h - a potion of haste
Books
 b - a book of Flames

   Spells                             Type                      Level
   a - Flame Tongue                   Conjuration/Fire             1
   b - Throw Flame                    Conjuration/Fire             2
   c - Conjure Flame                  Conjuration/Fire             3
   d - Inner Flame                    Hexes/Fire                   3
   e - Sticky Flame                   Conjuration/Fire             4
   f - Fireball                       Conjuration/Fire             5
Comestibles
 c - 3 rations


   Skills:
 + Level 0.8 Fighting
 + Level 0.8 Short Blades
 + Level 0.8 Long Blades
 + Level 0.8 Axes
 + Level 0.8 Maces & Flails
 + Level 0.8 Polearms
 + Level 0.8 Staves
 + Level 0.8 Slings
 + Level 0.8 Bows
 + Level 0.8 Crossbows
 + Level 0.8 Throwing
 + Level 0.8 Armour
 + Level 4.5 Dodging
 + Level 4.1 Stealth
 + Level 0.8 Shields
 + Level 0.8 Unarmed Combat
 + Level 5.0 Spellcasting
 + Level 2.1 Conjurations
 + Level 0.5 Hexes
 + Level 0.5 Charms
 + Level 0.5 Summonings
 + Level 0.5 Necromancy
 + Level 0.5 Translocations
 + Level 0.5 Transmutations
 + Level 5.4 Fire Magic
 + Level 0.5 Ice Magic
 + Level 0.5 Air Magic
 + Level 0.5 Earth Magic
 + Level 0.5 Poison Magic
 + Level 1.0 Invocations
 + Level 0.8 Evocations


You had 8 spell levels left.
You knew the following spells:

 Your Spells              Type           Power        Failure   Level  Hunger
a - Flame Tongue          Conj/Fire      ###..        3%          1    None
b - Inner Flame           Hex/Fire       ##......     12%         3    ###....


Dungeon Overview and Level Annotations

Branches:
Dungeon (5/15)
 Temple: D:4-7

Altars:
Fedhas
Uskayaw


Innate Abilities, Weirdness & Mutations

Your experience applies equally to all skills.
You have very sharp teeth.
Your uncanny sense of smell can sniff out nearby items.


Message History

You kill the bat!
Casting: Flame Tongue
Confirm with . or Enter, or press ? or * to list all spells.
Aiming: Flame Tongue
Press: ? - help, Shift-Dir - straight line, f - worm
Aim: a worm The flame tongue hits the worm.
The worm is moderately wounded.
The worm barely misses you.
A rat comes into view.
You see here a bat corpse.
As you read the scroll of identify, it crumbles to dust.
h - a potion of haste You barely miss the worm.
The worm is moderately wounded.
You hit the worm.
The worm is moderately wounded.
The worm bites you!
You die...
Fedhas appreciates your contribution to the ecosystem.

....... ......
.....# # #....#
#.#....# #.#.r..##
#.......# # #@# .#
# #.#w# .#
###.#.#.###.#
#...........####.#
#.#.##............
∆ #...)..##..##
#..#..#.#
#......## ###.#.##


You could see a worm and a rat.

Vanquished Creatures
  3 worms
  2 dart slugs (D:3)
  A leopard gecko (D:3)
  3 orcs (D:3)
  2 giant cockroaches (D:3)
  A goblin (D:2)
  A hobgoblin (D:3)
  3 jackals (D:3)
  2 kobolds (D:3)
  A quokka (D:3)
  3 bats
  A leopard gecko skeleton (D:3)
  3 rats (D:3)
26 creatures vanquished.

Notes
Turn   | Place    | Note
-------+----------+-------------------------------------------
     0 | D:1      | Iko the Gnoll Fire Elementalist began the quest for the Orb.
     0 | D:1      | Reached XP level 1. HP: 13/13 MP: 6/6
   261 | D:4      | Reached XP level 2. HP: 19/19 MP: 4/7
   347 | D:5      | Entered Level 5 of the Dungeon
   349 | D:5      | Noticed a sky beast
   357 | D:5      | Found a hide-covered altar of Uskayaw.
   501 | D:3      | Found a blossoming altar of Fedhas.
   509 | D:3      | Became a worshipper of Fedhas Madash
   589 | D:3      | Reached XP level 3. HP: 12/25 MP: 7/9
   594 | D:3      | Learned a level 3 spell: Inner Flame
   608 | D:3      | Reached skill level 5 in Spellcasting
   666 | D:3      | Found a blossoming altar of Fedhas.
   707 | D:3      | Reached skill level 1 in Invocations
   751 | D:2      | Slain by a worm

Skill      XL: |  1  2  3 |
---------------+----------+-----
Conjurations   | 2 |  2.1
Spellcasting   | 5 |  5.0
Invocations    | 1 |  1.0
Fighting       | |  0.8
Short Blades   | |  0.8
Long Blades    | |  0.8
Axes           | |  0.8
Maces & Flails | |  0.8
Polearms       | |  0.8
Staves         | |  0.8
Slings         | |  0.8
Bows           | |  0.8
Crossbows      | |  0.8
Throwing       | |  0.8
Armour         | |  0.8
Dodging        | |  4.5
Stealth        | |  4.1
Shields        | |  0.8
Unarmed Combat | |  0.8
Hexes          | |  0.5
Charms         | |  0.5
Summonings     | |  0.5
Necromancy     | |  0.5
Translocations | |  0.5
Transmutations | |  0.5
Fire Magic     | |  5.4
Ice Magic      | |  0.5
Air Magic      | |  0.5
Earth Magic    | |  0.5
Poison Magic   | |  0.5
Evocations     | |  0.8

Action                   || total
-------------------------++-------
Melee: Unarmed           ||     9
       Mace              ||    79
       Bite              ||     6
 Cast: Flame Tongue      ||    13
  Use: Scroll            ||     7
 Stab: Sleeping          ||     1
Armor: Robe              ||    26
Dodge: Dodged            ||    97
